 Dungeon Crawl Stone Soup version 0.27-a0-1200-g94dc6ad4cf (webtiles) character file.

Game seed: 17185684054939887045

3877 Morbidden the Conjurer (level 9, -7/71 HPs)
             Began as a Demigod Conjurer on May 30, 2021.
             Mangled by a boulder beetle (27 damage)
             ... on level 8 of the Dungeon.
             The game lasted 00:11:15 (8503 turns).

Morbidden the Conjurer (Demigod Conjurer)           Turns: 8503, Time: 00:11:16

Health: -7/71      AC:  9    Str:  8    XL:     9   Next: 68%
Magic:  12/31      EV: 12    Int: 35    God:
Gold:   255        SH:  0    Dex: 12    Spells: 14/21 levels left

rFire    + . .     SeeInvis .   a - staff of conjuration
rCold    . . .     Faith    .   (no shield)
rNeg     . . .     Spirit   .   r - +3 leather armour {rF+}
rPois    .         Reflect  .   q - +2 helmet {Int+3}
rElec    .         Harm     .   (no cloak)
rCorr    +         Rampage  .   (no gloves)
Will     .....                  (no boots)
Stlth    ++........             (no amulet)
HPRegen  0.21/turn              f - ring of magical power
MPRegen  0.22/turn              z - ring of resist corrosion

@: no status effects
A: high mp 1, forlorn
a: no special abilities


You were on level 8 of the Dungeon.
You visited 1 branch of the dungeon, and saw 8 of its levels.

You collected 519 gold pieces.
You spent 264 gold pieces at shops.

Inventory:

Hand Weapons
 b - a +0 short sword
 x - a +1 short sword of holy wrath
Armour
 g - a +2 robe of willpower
 q - a +2 helmet of intelligence (worn)
 r - a +3 leather armour of fire resistance (worn)
Magical Staves
 a - a staff of conjuration (weapon)
Jewellery
 f - a ring of magical power (left hand)
 i - a ring of fire
 z - a ring of resist corrosion (right hand)
 E - a ring of positive energy
Wands
 p - a wand of digging (4)
 y - a wand of paralysis (5)
 C - a wand of polymorph (4)
 D - a wand of flame (32)
 G - a wand of iceblast (5)
Scrolls
 c - 5 scrolls of identify
 d - 2 scrolls of enchant weapon
 h - a scroll of magic mapping {unknown}
 k - a scroll of amnesia {unknown}
 m - a scroll of vulnerability {unknown}
 t - a scroll of silence {unknown}
 u - a scroll of immolation {unknown}
 B - 2 scrolls of fear {unknown}
 F - a scroll of noise {unknown}
Potions
 e - a potion of attraction {unknown}
 j - 4 potions of curing {unknown}
 l - a potion of flight {unknown}
 n - 2 potions of resistance {unknown}
 o - a potion of haste {unknown}
 s - a potion of might {unknown}
 v - 3 potions of degeneration {unknown}
 w - a potion of magic {unknown}
 A - a potion of ambrosia {unknown}


   Skills:
 * Level 3.8 Fighting
 * Level 3.6 Staves
 + Level 2.2 Armour
 * Level 4.1 Dodging
 + Level 2.8 Stealth
 * Level 6.5 Spellcasting
 * Level 7.5 Conjurations
 * Level 3.4 Translocations
 * Level 3.2 Evocations


You had 14 spell levels left.
You knew the following spells:

 Your Spells              Type           Power      Damage    Failure   Level
a - Magic Dart            Conj           100%       1d8       1%          1
b - Searing Ray           Conj           100%       3d7       1%          2
c - Iskenderun's Mystic   Conj/Tloc      66%        2d14      5%          4

Your spell library contained the following spells:

 Spells                   Type           Power      Damage    Failure   Level
 Dazzling Flash           Conj/Hex       100%       N/A       3%          3
 Corona                   Hex            12%        N/A       4%          1
 Ensorcelled Hibernation  Hex/Ice        22%        N/A       8%          2
 Fulminant Prism          Conj/Hex       27%        3d14      11%         4
 Confusing Touch          Hex            11%        N/A       16%         3
 Tukima's Dance           Hex            11%        N/A       16%         3


Dungeon Overview and Level Annotations

Branches:
Dungeon (8/15)             Temple (0/1) D:4
   Lair: D:8-11

Shops:
D:6 *


Innate Abilities, Weirdness & Mutations

Your attributes grow dramatically as you level up.
You have an increased reservoir of magic. (+10% MP)
You shall have no god before yourself.


Message History

You don't know that spell.
Unknown command.
Casting: Searing Ray (safe; 1% risk of failure)
Confirm with . or Enter, or press ? or * to list all spells.
You feel a surge of power!
You erupt in a blast of force!
The mystic blast hits the boulder beetle but does no damage.
The boulder beetle hits you!
The boulder beetle stops rolling and uncurls.
Unknown command.
Casting: Iskenderun's Mystic Blast (dangerous; 5% risk of failure)
Confirm with . or Enter, or press ? or * to list all spells.
You feel a surge of power!
You erupt in a blast of force!
The mystic blast hits the boulder beetle but does no damage.
The boulder beetle bites you!!
Unknown command.
Unknown command.
Casting: Iskenderun's Mystic Blast (dangerous; 5% risk of failure)
Confirm with . or Enter, or press ? or * to list all spells.
You feel a surge of power!
You erupt in a blast of force!
The mystic blast hits the boulder beetle but does no damage.
The boulder beetle bites you but does no damage.
Unknown command.
Unknown command.
Unknown command.
Casting: Iskenderun's Mystic Blast (dangerous; 5% risk of failure)
Confirm with . or Enter, or press ? or * to list all spells.
You feel a surge of power!
You erupt in a blast of force!
The mystic blast hits the boulder beetle but does no damage.
The boulder beetle bites you!
* * * LOW HITPOINT WARNING * * *
Unknown command.
Unknown command.
Unknown command.
Unknown command.
Casting: Iskenderun's Mystic Blast (dangerous; 5% risk of failure)
Confirm with . or Enter, or press ? or * to list all spells.
You feel a surge of power!
You erupt in a blast of force!
The mystic blast hits the boulder beetle but does no damage.
The boulder beetle bites you!!
You die...

#...... #.#
#...... #.#
#......##.# #
##........#####.#
.......>........#
##.#.##.#.......#
#.#........###.#
#..............#
#........(@.#.#.##
#.........B.......
#...#.......#.#.#.
#...#.......#.#...
#.. ##.........###
.. #............
##..#.##.####
#....##.#
##......#


You could see a boulder beetle.

Vanquished Creatures
  A manticore (D:7)
  Joseph (D:7)
  Grinder (D:6)
  2 steam dragons
  A vampire mosquito (D:8)
  Duvessa (D:5)
  A hornet zombie (D:6)
  A sky beast (D:7)
  2 black bears
  2 orc warriors
  2 necrophages
  An ice beast (D:4)
  3 ogres
  2 centaurs
  A bullfrog (D:7)
  Dowan (D:5)
  5 wights (D:7)
  3 howler monkeys (D:7)
  2 jellies (D:6)
  A bullfrog zombie (D:6)
  2 gnoll shamans
  5 hounds
  3 orc priests
  2 centaur skeletons
  5 orc wizards
  A hound skeleton (D:5)
  6 adders
  8 gnolls
  A shadow imp (D:7)
  2 white imps
  2 ufetubi (D:4)
  3 worms
  2 dart slugs (D:1)
  22 orcs
  8 endoplasms
  7 goblins
  11 hobgoblins
  7 jackals
  6 quokkas
  12 ball pythons
  5 bats
  8 frilled lizards
  14 kobolds
  5 rats
181 creatures vanquished.

Notes
Turn   | Place    | Note
-------+----------+-------------------------------------------
     0 | D:1      | Morbidden the Demigod Conjurer began the quest for the Orb.
     0 | D:1      | Reached XP level 1. HP: 14/14 MP: 5/5
   359 | D:1      | Reached XP level 2. HP: 22/22 MP: 5/7
   385 | D:1      | Reached skill level 4 in Conjurations
  1065 | D:1      | Learned a level 2 spell: Searing Ray
  1183 | D:1      | Reached XP level 3. HP: 27/27 MP: 4/8
  2043 | D:2      | Reached skill level 1 in Fighting
  2043 | D:2      | Reached XP level 4. HP: 35/35 MP: 6/10
  3265 | D:3      | Learned a level 4 spell: Iskenderun's Mystic Blast
  3487 | D:3      | You fall into a shaft and drop 2 floors!
  3487 | D:5      | Entered Level 5 of the Dungeon
  3527 | D:5      | Reached XP level 5. HP: 40/40 MP: 12/12
  3693 | D:5      | Noticed a necrophage
  3700 | D:5      | Killed a necrophage
  3769 | D:5      | Reached skill level 1 in Staves
  3769 | D:5      | Reached skill level 5 in Conjurations
  3870 | D:5      | Reached XP level 6. HP: 47/47 MP: 14/14
  3887 | D:5      | Reached skill level 1 in Translocations
  4210 | D:5      | Reached skill level 1 in Evocations
  4420 | D:5      | Noticed Duvessa
  4430 | D:5      | Noticed Dowan
  4432 | D:5      | Killed Duvessa
  4433 | D:5      | Reached XP level 7. HP: 44/53 MP: 16/16
  4435 | D:5      | Killed Dowan
  5090 | D:4      | Found a staircase to the Ecumenical Temple.
  6083 | D:6      | Noticed Grinder
  6089 | D:6      | Paralysed by Grinder for 7 turns
  6100 | D:6      | Killed Grinder
  6101 | D:6      | Reached skill level 6 in Conjurations
  6101 | D:6      | Reached XP level 8. HP: 54/62 MP: 18/18
  6167 | D:6      | Paralysed by an orc wizard for 7 turns
  6193 | D:6      | Paralysed by something for 4 turns
  6331 | D:6      | Found Yhiem's Assorted Antiques.
  6339 | D:6      | Reached skill level 1 in Armour
  6339 | D:6      | Reached skill level 5 in Spellcasting
  6380 | D:6      | Bought a glowing moonstone ring for 150 gold pieces
  6381 | D:6      | Bought a lumpy dark potion for 27 gold pieces
  6381 | D:6      | Bought a smoky dark potion for 27 gold pieces
  6381 | D:6      | Bought a scroll labelled RINTAI HOUL for 30 gold pieces
  6381 | D:6      | Bought a scroll labelled KANIGORA OSMO for 30 gold pieces
  7394 | D:7      | Reached XP level 9. HP: 68/69 MP: 19/21
  7496 | D:7      | Reached skill level 7 in Conjurations
  7680 | D:7      | Noticed a manticore
  7690 | D:7      | Killed a manticore
  7770 | D:7      | Noticed Joseph
  8093 | D:7      | Killed Joseph
  8490 | D:8      | Noticed a boulder beetle
  8503 | D:8      | Mangled by a boulder beetle

Illustrated notes

Levels and vault maps discovered:
D:1:      wander_arrival_peaceful_grave, layout_basic,
          ebering_ecumenical_altar_sacrificial
D:2:      layout_basic, minivault_14, minmay_tromino_i2
D:3:      layout_basic, marbit_many_paths, supply_closet_lemuel
D:4:      layout_basic, amcnicky_altar_gilded, old_standard_altar,
          minmay_temple_entry_arrows, minmay_between
D:5:      layout_loops_ring, uniq_duvessa
D:6:      layout_basic, kennysheep_another_room, kennysheep_small_square,
          uniq_grinder
D:7:      layout_cave_pools, lemuel_round_altar, nemelex_diamond_rough_becter,
          uniq_joseph
D:8:      minmay_diamond_stairs, layout_basic, david_lair_generic,
          chequers_serial_rivers_micro_d, minmay_small_thing

Skill      XL: |  1  2  3  4  5  6  7  8  9 |
---------------+----------------------------+-----
Conjurations   | 4 5 6 7 |  7.5
Spellcasting   | 2 3 4 5 6 |  6.5
Dodging        | 2 3 4 |  4.1
Fighting       | 1 2 3 |  3.8
Stealth        | 2 |  2.8
Staves         | 1 2 3 |  3.6
Translocations | 1 2 3 |  3.4
Evocations     | 1 2 3 |  3.2
Armour         | 1 2 |  2.2

Action                   |  1- 3 |  4- 6 |  7- 9 || total
-------------------------+-------+-------+-------++-------
Melee: Unarmed           |     3 |       |       ||     3
       Staff             |       |     4 |       ||     4
 Cast: Magic Dart        |   105 |    76 |    93 ||   274
       Searing Ray       |       |    22 |    54 ||    76
       Iskenderun's Myst |       |       |     7 ||     7
  Use: Scroll            |       |       |     1 ||     1
Armor: Robe              |     3 |     5 |       ||     8
       Leather armour    |       |       |    12 ||    12
Dodge: Dodged            |     8 |    19 |    37 ||    64

Table legend: (Time is in decaauts)
 A = Elapsed time spent in this place.
 B = Non-inter-level travel time spent in this place.
 C = Inter-level travel time spent in this place.
 D = Time resting spent in this place.
 E = Time spent auto-exploring this place.
 F = Levels seen in this place.
 G = Mean time per level.
                   A        B        C        D        E       F      G
               +--------+--------+--------+--------+--------+-----+--------+
         Total |   8506 |   8087 |    419 |    268 |   6821 |   8 | 1063.2 |
       Dungeon |   8506 |   8087 |    419 |    268 |   6821 |   8 | 1063.2 |
               +--------+--------+--------+--------+--------+-----+--------+

Top non-repeatable levels by time:
     D:1: 1460 daAuts
     D:5: 1347 daAuts
     D:7: 1265 daAuts
     D:2: 1248 daAuts
     D:6: 1211 daAuts
     D:3: 1067 daAuts
     D:4: 843 daAuts
     D:8: 62 daAuts
